 Dungeon Crawl Stone Soup version 0.22.1-1-ga44c0e5 (webtiles) character file.

137 thomasnlv21 the Chopper (level 5, -2/47 HPs)
             Began as a Minotaur Berserker on Nov 11, 2018.
             Was a Priest of Trog.
             Slain by a goblin
             ... wielding a +0 club
             ... led by Robin
              (3 damage)
             ... on level 2 of the Dungeon.
             The game lasted 00:05:34 (2323 turns).

thomasnlv21 the Chopper (Minotaur Berserker)        Turns: 2323, Time: 00:05:35

Health: -2/47      AC:  2    Str: 23    XL:     5   Next: 0%
Magic:  4/4        EV: 13    Int:  4    God:    Trog [***...]
Gold:   43         SH:  0    Dex:  9    Spells: 4/4 levels left

rFire    . . .     SeeInvis .   a - +0 hand axe
rCold    . . .     Gourm    .   (no shield)
rNeg     . . .     Faith    .   b - +0 animal skin
rPois    .         Spirit   .   (helmet restricted)
rElec    .         Reflect  .   (no cloak)
rCorr    .         Harm     .   (no gloves)
MR       .....                  (no boots)
Stlth    +.........             d - amulet of rage
HPRegen  0.15/turn              (no ring)
MPRegen  0.09/turn              (no ring)

@: berserk cooldown, slowed, very slow
A: retaliatory headbutt, horns 2
a: Berserk, Trog's Hand, Renounce Religion, Evoke Berserk Rage


You were on level 2 of the Dungeon.
You worshipped Trog.
Trog was most pleased with you.
You were near starving.

You visited 1 branch of the dungeon, and saw 2 of its levels.

You collected 43 gold pieces.

Inventory:

Hand Weapons
 a - a +0 hand axe (weapon)
Armour
 b - a +0 animal skin (worn)
 e - a +0 plate armour
Jewellery
 d - an amulet of rage (around neck)
Potions
 f - a potion of flight {unknown}
Comestibles
 c - 3 rations


   Skills:
 + Level 4.7 Fighting
 + Level 5.4 Axes
 + Level 2.7 Armour
 + Level 3.2 Dodging
 + Level 0.1 Stealth


You had 4 spell levels left.
You didn't know any spells.
Your spell library was empty.

Dungeon Overview and Level Annotations

Branches:
Dungeon (2/15)

Altars:

Annotations:
D:2 Jessica, Robin, Terence


Innate Abilities, Weirdness & Mutations

You reflexively headbutt those who attack you in melee.
You have a pair of horns on your head.


Message History

* * * LOW HITPOINT WARNING * * *
You hit the goblin.
You kill the goblin!
Trog accepts your kill.
You closely miss the goblin. You closely miss the frilled lizard.
You hit the goblin.
You kill the goblin!
Trog accepts your kill.
You have reached level 5!
The goblin hits you with a club.
* * * LOW HITPOINT WARNING * * *
The frilled lizard closely misses you. You furiously retaliate!
You headbutt the frilled lizard.
You kill the frilled lizard!
Trog accepts your kill. Terence closely misses you.
Jessica casts a spell.
Jessica blinks!
Robin hits you but does no damage. The goblin hits you with a club.
You die...

#. ###( (.. #@.
#####..###
.........
....ยง@gg#####
#@)./.# #.g##.#
#..# .# #..# .#
#####..########..
.................>
..........####.##.
########..## #.
#.#.#.#.### #..


You could see Terence, Robin, Jessica, a hobgoblin and a goblin.

Vanquished Creatures
  An adder (D:2)
  4 gnolls (D:2)
  An ooze (D:1)
  A worm (D:2)
  3 dart slugs (D:1)
  A leopard gecko (D:1)
  4 giant cockroaches
  12 goblins
  6 hobgoblins
  13 jackals (D:1)
  7 kobolds
  A quokka (D:2)
  2 ball pythons (D:1)
  7 bats
  3 frilled lizards
  4 rats (D:1)
70 creatures vanquished.

Notes
Turn   | Place    | Note
-------+----------+-------------------------------------------
     0 | D:1      | thomasnlv21 the Minotaur Berserker began the quest for the
                  | Orb.
     0 | D:1      | Reached XP level 1. HP: 19/19 MP: 0/0
   301 | D:1      | Reached XP level 2. HP: 2/27 MP: 1/1
   302 | D:1      | Reached skill level 4 in Axes
   305 | D:1      | HP: 1/40 [frilled lizard (2)]
   640 | D:1      | Reached ** piety under Trog
   642 | D:1      | Reached XP level 3. HP: 20/33 MP: 2/2
  1852 | D:2      | Reached XP level 4. HP: 33/41 MP: 3/3
  1859 | D:2      | Reached skill level 5 in Axes
  2312 | D:2      | Noticed Robin
  2316 | D:2      | Noticed Jessica
  2318 | D:2      | Noticed Terence
  2322 | D:2      | Reached *** piety under Trog
  2323 | D:2      | Reached XP level 5. HP: 4/47 MP: 4/4
  2323 | D:2      | HP: 1/47 [goblin/club[Robin] (3)]
  2323 | D:2      | Slain by a goblin

Skill      XL: |  1  2  3  4 |
---------------+-------------+-----
Axes           | 4 5 |  5.4
Fighting       | 4 |  4.7
Dodging        | 3 |  3.2
Armour         | |  2.7
Stealth        | |  0.1

Action                   |  1- 3 |  4- 6 || total
-------------------------+-------+-------++-------
Melee: Hand axe          |    68 |    35 ||   103
       Headbutt          |    12 |     9 ||    21
Invok: Berserk           |     2 |     1 ||     3
  Use: Scroll            |     3 |       ||     3
       Potion            |     2 |       ||     2
  Eat: Chunk             |     5 |       ||     5
Armor: Animal skin       |    22 |     6 ||    28
Dodge: Dodged            |    77 |    39 ||   116
